 Dungeon Crawl Stone Soup version 0.28-a0-793-g31680bbd8b (webtiles) character file.

Game seed: 12642155018544464692

46 nicknak712 the Skirmisher (level 3, -1/29 HPs)
             Began as a Demonspawn Cinder Acolyte on Nov 4, 2021.
             Was a High Priest of Ignis.
             Frozen to death by an endoplasm (5 damage)
             ... on level 2 of the Dungeon.
             The game lasted 00:07:08 (825 turns).

nicknak712 the Skirmisher (DsCA)                     Turns: 825, Time: 00:07:08

Health: -1/29      AC:  3    Str: 14    XL:     3   Next: 46%
Magic:  1/5        EV: 11    Int: 16    God:    Ignis [*****.]
Gold:   43         SH:  0    Dex:  8    Spells: 2/4 levels left

rFire   + . .      SeeInvis .   a - -1 falchion (flame)
rCold   . . .      Faith    .   (no shield)
rNeg    . . .      Spirit   .   b - +0 robe
rPois   .          Reflect  .   (helmet restricted)
rElec   .          Harm     .   (no cloak)
rCorr   .          Rampage  .   (no gloves)
Will    .....                   g - +0 pair of boots
Stlth   +.........              (no amulet)
HPRegen 0.09/turn               (no ring)
MPRegen 0.09/turn               (no ring)

@: no status effects
A: horns 1
a: Renounce Religion, Sea of Fire, Foxfire Swarm, Rising Flame


You were on level 2 of the Dungeon.
You worshipped Ignis.
Ignis was extremely pleased with you.
You visited 1 branch of the dungeon, and saw 2 of its levels.

You collected 43 gold pieces.

Inventory:

Hand Weapons
 a - a -1 falchion of flaming (weapon)
Armour
 b - a +0 robe (worn)
 g - a +0 pair of boots (worn)
Jewellery
 f - an amulet of guardian spirit
Scrolls
 d - a scroll of identify {unknown}
 e - a scroll of fear {unknown}
Potions
 c - a potion of flight {unknown}


   Skills:
 + Level 3.2 Fighting
 + Level 3.0 Long Blades
 * Level 1.4 Dodging
 + Level 1.4 Spellcasting
 + Level 3.0 Fire Magic


You had 2 spell levels left.
You knew the following spells:

 Your Spells              Type           Power      Damage    Failure   Level
a - Scorch                Fire           20%        2d6       10%         2

Your spell library contained the following spells:

 Spells                   Type           Power      Damage    Failure   Level


Dungeon Overview and Level Annotations

Branches:
Dungeon (2/15)

Altars:


Innate Abilities, Weirdness & Mutations

You have a pair of small horns on your head.


Message History

You closely miss Natasha. Natasha closely misses you.
You closely miss Natasha. You headbutt Natasha.
Natasha is lightly wounded.
Natasha closely misses you.
You hit Natasha. You burn Natasha. You headbutt Natasha, but do no damage.
Natasha is heavily wounded.
Natasha claws you. Natasha claws you but does no damage.
You closely miss Natasha. You headbutt Natasha.
Natasha is almost dead.
The endoplasm completely misses you. Natasha claws you!
* * * LOW HITPOINT WARNING * * *
The endoplasm closely misses you.
You hit Natasha. You burn Natasha.
You kill Natasha!
Natasha yowls pathetically as she dies!
The endoplasm closely misses you. The adder bites you but does no damage.
Your Long Blades skill increases to level 3!
Your Fire Magic skill increases to level 3!
You have reached level 3!
Your experience leads to an increase in your attributes!
Increase (S)trength, (I)ntelligence, or (D)exterity?
You feel clever.
Okay, then.
Fires begin to smoulder around you! The adder barely misses you.
The endoplasm barely misses you.
Your magical contamination has completely faded away.
The endoplasm misses you.
The fire ignites! x56; You smother the flame.
The fire ignites! x19
Really walk into that cloud of flame? [Y]es or [N]o only, please.
Really walk into that cloud of flame? [Y]es or [N]o only, please.
Really walk into that cloud of flame? [Y]es or [N]o only, please.
Really walk into that cloud of flame?
Okay, then.
You closely miss the adder. The adder misses you. The endoplasm freezes you.
You are frozen.
You die...

#.###.#####..........#
#.#...# #..........#
#.#.### #...#§######
#.#.#### #...#§#
......... #...#§#
#.####.## #####§###
#... #§§§§# #####
#§§§§# .
.####§§@§##....
§§§§§§§SJ§§§§§§.
######.####§§§§# .§§.
..§. ..§§§# ###
...§§§§. ..§§§§§
.§§§§§§ .......


You could see an adder and an endoplasm.

Vanquished Creatures
  Natasha (D:2)
  A ball python (D:1)
  2 bats (D:1)
  2 endoplasms (D:1)
  2 giant cockroaches (D:1)
  3 goblins
  3 hobgoblins (D:1)
  A kobold (D:1)
  A frilled lizard (D:1)
  3 rats (D:2)
19 creatures vanquished.

Notes
Turn   | Place    | Note
-------+----------+-------------------------------------------
     0 | D:1      | nicknak712 the Demonspawn Cinder Acolyte began the quest
                  | for the Orb.
     0 | D:1      | Reached XP level 1. HP: 18/18 MP: 2/2
   181 | D:1      | Gained mutation: You have a pair of small horns on your
                  | head. [demonic ancestry]
   181 | D:1      | Reached XP level 2. HP: 24/24 MP: 3/3
   184 | D:1      | Learned a level 2 spell: Scorch
   573 | D:1      | Reached skill level 1 in Dodging
   814 | D:2      | Noticed Natasha
   822 | D:2      | Killed Natasha
   823 | D:2      | Reached XP level 3. HP: 4/29 MP: 1/5
   825 | D:2      | Frozen to death by an endoplasm

Illustrated notes

Levels and vault maps discovered:
D:1:      heliophobic_arrival_battle_scene, layout_basic
D:2:      layout_basic, uniq_natasha

Skill      XL: |  1  2 |
---------------+-------+-----
Dodging        | 1 |  1.4
Long Blades    | 3 |  3.0
Fire Magic     | 3 |  3.0
Fighting       | |  3.2
Spellcasting   | |  1.4

Action                   || total
-------------------------++-------
Melee: Falchion          ||    34
       Headbutt          ||     6
 Cast: Scorch            ||     5
Invok: Sea of Fire       ||     1
Armor: Robe              ||     8
Dodge: Dodged            ||    19

Table legend: (Time is in decaauts)
 A = Elapsed time spent in this place.
 B = Non-inter-level travel time spent in this place.
 C = Inter-level travel time spent in this place.
 D = Time resting spent in this place.
 E = Time spent auto-exploring this place.
 F = Levels seen in this place.
 G = Mean time per level.
                   A        B        C        D        E       F      G
               +--------+--------+--------+--------+--------+-----+--------+
         Total |    830 |    811 |     19 |     26 |    602 |   2 |  415.0 |
       Dungeon |    830 |    811 |     19 |     26 |    602 |   2 |  415.0 |
               +--------+--------+--------+--------+--------+-----+--------+

Top non-repeatable levels by time:
     D:1: 724 daAuts
     D:2: 106 daAuts
